 Dungeon Crawl Stone Soup version 0.27-a0-631-g2d681adce0 (webtiles) character file.

Game seed: 5385057904617541246

51438 tilp the Martial Artist (level 14, -2/118 HPs)
             Began as an Octopode Transmuter on Mar 13, 2021.
             Was the Champion of Okawaru.
             Slain by a death yak (29 damage)
             ... on level 6 of the Lair of Beasts.
             The game lasted 00:45:09 (28233 turns).

tilp the Martial Artist (Octopode Transmuter)      Turns: 28233, Time: 00:45:09

Health: -2/118     AC:  7    Str: 16    XL:     14   Next: 59%
Magic:  21/23      EV: 21    Int: 28    God:    Okawaru [******]
Gold:   1081       SH:  0    Dex: 25    Spells: 2/21 levels left

rFire    x . .     SeeInvis +     - Unarmed
rCold    + + +     Faith    .   (shield currently unavailable)
rNeg     . . .     Spirit   .   (helmet currently unavailable)
rPois    +         Reflect  .   (no amulet)
rElec    .         Harm     .   e - ring of wizardry
rCorr    .         Rampage  .   u - ring of flight
Will     +....                  z - ring of protection from cold
Stlth    +++++.....             C - ring of Lonut {Str+6 Int+3 Dex+6}
HPRegen  0.29/turn              H - +6 ring of dexterity
MPRegen  0.18/turn              K - +6 ring of intelligence
                                Q - ring of see invisible
                                (no ring)

@: ice-form, heroic
A: freezing attack, boosted hp, almost no armour, amphibious, 8 rings, large,
(camouflage 1), (gelatinous body 1), (nimble swimmer 1), (tentacles)
a: End Transformation, Renounce Religion, Evoke Flight, Heroism, Finesse


You were on level 6 of the Lair of Beasts.
You worshipped Okawaru.
Okawaru was exalted by your worship.
You were a creature of crystalline ice.
You visited 3 branches of the dungeon, and saw 19 of its levels.

You collected 1081 gold pieces.

Inventory:

Missiles
 q - 54 poisoned darts (quivered)
 r - 17 curare-tipped darts {!f}
 y - 9 boomerangs
 F - 16 javelins
 J - 3 atropa-tipped darts
Armour
 l - a +2 hat of see invisible (melded)
 p - the +1 buckler of Honesty (melded) {Will+ rCorr Dex+3}
   (You acquired it on level 1 of the Lair of Beasts)

   It affects your dexterity (+3).
   It affects your willpower, your defense against some magical effects.
   It provides partial protection from all sources of acid and corrosion.
 P - the +2 buckler of Vezairpha {rC+ Dex+4 Stlth+}
   (Okawaru gifted it to you on level 5 of the Lair of Beasts)

   It affects your dexterity (+4).
   It protects you from cold.
   It makes you more stealthy.
Jewellery
 e - a ring of wizardry (left front paw)
 u - a ring of flight (right front paw)
 z - a ring of protection from cold (on tentacle)
 C - the ring of Lonut (on tentacle) {Str+6 Int+3 Dex+6}
   (You found it on level 8 of the Dungeon)

   [ring of dexterity]

   It affects your strength (+6).
   It affects your intelligence (+3).
   It affects your dexterity (+6).
 D - an amulet of faith
 H - a +6 ring of dexterity (on tentacle)
 K - a +6 ring of intelligence (on tentacle)
 Q - a ring of see invisible (on tentacle)
Wands
 t - a wand of flame (12)
 v - a wand of paralysis (15)
 A - a wand of digging (4)
 B - a wand of polymorph (6)
 E - a wand of charming (18)
 N - a wand of acid (12)
Scrolls
 a - 4 scrolls of blinking
 b - 6 scrolls of fear
 f - 4 scrolls of magic mapping
 j - 4 scrolls of amnesia
 o - 9 scrolls of teleportation
 G - a scroll of fog
 L - 2 scrolls of holy word
 M - a scroll of enchant armour
 O - 4 scrolls of identify
Potions
 c - 7 potions of curing
 d - 4 potions of attraction
 g - 3 potions of resistance
 h - 5 potions of flight
 i - 3 potions of brilliance
 k - a potion of lignification
 m - 2 potions of might
 n - 2 potions of mutation
 s - a potion of cancellation
 w - 2 potions of magic
 x - 3 potions of heal wounds
 I - a potion of haste


   Skills:
 + Level 10.6(15.6) Fighting
 + Level 8.8(13.8) Dodging
 - Level 4.0(9.0) Stealth
 - Level 4.0(9.0) Shields
 + Level 12.4(17.4) Unarmed Combat
 - Level 4.0 Spellcasting
 - Level 8.0 Transmutations
 - Level 2.0 Ice Magic
 - Level 2.0 Poison Magic
 - Level 12.0 Invocations
 - Level 10.0 Evocations


You had 2 spell levels left.
You knew the following spells:

 Your Spells              Type           Power      Damage    Failure   Level
a - Beastly Appendage     Tmut           100%       N/A       1%          1
b - Wereblood             Tmut           50%        N/A       1%          2
c - Spider Form           Tmut/Pois      16%        N/A       1%          3
d - Ice Form              Ice/Tmut       33%        N/A       4%          4
e - Blade Hands           Tmut           25%        N/A       3%          5
f - Corona                Hex            5%         N/A       3%          1
g - Swiftness             Air            5%         N/A       4%          2
h - Apportation           Tloc           10%        N/A       3%          1

Your spell library contained the following spells:

 Spells                   Type           Power      Damage    Failure   Level
 Animate Skeleton         Necr           10%        N/A       3%          1
 Pain                     Necr           20%        1d5       3%          1
 Shock                    Conj/Air       20%        1d4       3%          1
 Ensorcelled Hibernation  Hex/Ice        22%        N/A       3%          2
 Confusing Touch          Hex            5%         N/A       9%          3
 Dazzling Flash           Conj/Hex       10%        N/A       9%          3
 Lesser Beckoning         Tloc           2%         N/A       9%          3
 Static Discharge         Conj/Air       5%         N/A       9%          3
 Tukima's Dance           Hex            5%         N/A       9%          3
 Vampiric Draining        Necr           2%         2d6       9%          3
 Alistair's Intoxication  Tmut/Pois      22%        N/A       11%         5
 Yara's Violent Unravell  Hex/Tmut       14%        3d7       16%         5
 Airstrike                Air            2%         N/A       28%         4
 Animate Dead             Necr           2%         N/A       28%         4
 Cause Fear               Hex            2%         N/A       28%         4
 Agony                    Necr           5%         N/A       58%         5
 Lightning Bolt           Conj/Air       2%         1d14      58%         5
 Silence                  Hex/Air        2%         N/A       58%         5
 Invisibility             Hex            5%         N/A       98%         6
 Discord                  Hex            2%         N/A       100%        8


Dungeon Overview and Level Annotations

Branches:
Dungeon (12/15)            Temple (1/1) D:7            Lair (6/6) D:10
  Swamp (0/4) Lair:3        Snake (0/4) Lair:4        Slime (0/5) Lair:5
    Orc (0/2) D:11

Altars:
Ashenzari
Cheibriados
Dithmenos
Elyvilon
Fedhas
Gozag
Hepliaklqana
Kikubaaqudgha
Makhleb
Nemelex Xobeh
Okawaru
Qazlal
Ru
Sif Muna
Trog
Uskayaw
Vehumet
Wu Jian
Xom
Yredelemnul
Zin
The Shining One

Annotations:
D:10 exclusion: fire dragon
Lair:3 Rupert
Lair:6 2 transporters, exclusion: oklob plant, Vorcheb's ghost, journeyman OpCj


Innate Abilities, Weirdness & Mutations

You are a creature of crystalline ice.
You have a powerful freezing melee attack.
Your maximum health is increased.
Your armour is entirely melded.
You are incapable of wielding weapons or throwing items.
You cannot wear most types of armour.
You are amphibious.
You can wear up to eight rings at the same time.
((Your skin changes colour to match your surroundings (Stealth+).))
((Your rubbery body absorbs attacks. (AC +1, EV +1)))
((You are stealthy while swimming. (Stealth+)))
((You have tentacles for arms and can constrict up to eight enemies at once.))


Message History

Aim: a catoblepas (calcifying dust, chance to affect: 11%)
Okay, then.
Unknown command.
The catoblepas breathes a plume of calcifying dust at you.
The blast of calcifying dust hits you.
You punch the catoblepas! You freeze the catoblepas.
The catoblepas is moderately wounded.
You punch the catoblepas! You freeze the catoblepas.
The catoblepas is heavily wounded.
The catoblepas gores you!!
You punch the catoblepas! You freeze the catoblepas.
The catoblepas is severely wounded.
The death yak is engulfed in calcifying dust.
The death yak is moving more slowly.
The catoblepas gores you!!
You punch the catoblepas! You freeze the catoblepas.
The catoblepas is almost dead.
You pummel the catoblepas!! You freeze the catoblepas.
You kill the catoblepas!
Okawaru accepts your kill. The death yak gores you!
* * * LOW HITPOINT WARNING * * *
Unknown command.
You hit the death yak. You freeze the death yak.
The death yak is lightly wounded.
You punch the death yak! You freeze the death yak.
The death yak is moderately wounded.
The death yak misses you.
The death yak is engulfed in calcifying dust.
The death yak is moving more slowly.
The death yak gores you.
* * * LOW HITPOINT WARNING * * *
You strike the helpless death yak from behind!
You pummel the death yak!! You freeze the death yak.
The death yak is heavily wounded.
The death yak gores you!
* * * LOW HITPOINT WARNING * * *
Unknown command.
You pummel the death yak!! You freeze the death yak!
The death yak is severely wounded.
The death yak gores you!!
You die...

#P.÷..h .##P.###
......# ......
....# ..###.P..#
P.# ....÷...P #
...YY÷..# # #.#
##.# ##YY# #.Y.#
##...# #..P.#
###...## #
#####P....#
########.......P##
..##...†...÷...##
.....P.......###
.####.P.....##


You could see 2 death yaks.

Vanquished Creatures
  Nessos (Lair:4)
  A boulder beetle (Lair:3)
  11 hydras
  Erica (Lair:1)
  A catoblepas (Lair:6)
  3 two-headed ogres
  6 death yaks
  Sonja (Lair:4)
  An unseen horror (D:11)
  A lindwurm (Lair:3)
  A salamander (Lair:5)
  A cyclops (D:11)
  A manticore (D:11)
  10 elephants
  Joseph (D:8)
  5 black mambas
  8 cane toads
  A gargoyle (D:11)
  2 rime drakes
  Psyche (D:8)
  2 kobold demonologists (D:11)
  8 komodo dragons
  3 polar bears
  3 trolls
  Prince Ribbit (D:8)
  7 slime creatures
  16 blink frogs
  Sigmund (D:4)
  3 wyverns
  A vampire (D:10)
  40 yaks
  A steam dragon (Lair:3)
  3 basilisks
  2 swamp worms (Lair:3)
  16 water moccasins
  An acid dragon (D:11)
  2 nagas (Lair:4)
  Duvessa (D:4)
  8 orc warriors
  A sky beast (D:11)
  3 ice beasts
  5 black bears
  6 ogres
  A necrophage (D:11)
  4 wolves (Lair:6)
  8 centaurs
  2 phantoms
  8 bullfrogs
  2 gnoll sergeants (D:11)
  3 kobold brigands
  4 scorpions
  Dowan (D:4)
  4 killer bees (D:12)
  4 wights (D:7)
  4 electric eels
  A howler monkey (D:6)
  A centaur zombie (D:10)
  3 hounds
  3 jellies
  5 orc priests
  4 bullfrog zombies
  2 centaur skeletons
  Crazy Yiuf (D:2)
  Natasha (thrice) (D:2)
  5 iguanas
  3 bullfrog skeletons
  11 orc wizards
  7 worker ants
  A hound zombie (D:9)
  A worker ant zombie (D:9)
  17 gnolls
  15 adders
  A howler monkey skeleton (D:11)
  2 shadow imps
  2 white imps
  3 oozes
  An adder zombie (D:6)
  An adder skeleton (D:9)
  3 worms
  5 leopard geckos
  41 orcs
  4 giant cockroaches
  3 goblins
  4 hobgoblins
  4 jackals (D:1)
  2 quokkas
  3 ball pythons
  3 bats (D:1)
  A frilled lizard (D:3)
  20 kobolds
  A rat (D:1)
424 creatures vanquished.

Vanquished Creatures (others)
  34 fungi
  42 plants
76 creatures vanquished.

Grand Total: 500 creatures vanquished

Notes
Turn   | Place    | Note
-------+----------+-------------------------------------------
     0 | D:1      | tilp the Octopode Transmuter began the quest for the Orb.
     0 | D:1      | Reached XP level 1. HP: 13/13 MP: 3/3
   270 | D:1      | Reached skill level 1 in Stealth
   320 | D:1      | Reached XP level 2. HP: 10/18 MP: 5/5
   323 | D:1      | Learned a level 2 spell: Wereblood
   781 | D:1      | Reached XP level 3. HP: 20/23 MP: 6/6
  1340 | D:1      | Learned a level 3 spell: Spider Form
  1753 | D:2      | Noticed Natasha
  1761 | D:2      | Killed Natasha
  1762 | D:2      | Reached XP level 4. HP: 23/29 MP: 5/7
  1879 | D:2      | Noticed Natasha
  1890 | D:2      | Killed Natasha
  2123 | D:2      | Noticed Natasha
  2128 | D:2      | Killed Natasha
  2129 | D:2      | Reached XP level 5. HP: 27/35 MP: 6/8
  2401 | D:2      | Found a runed translucent door.
  2405 | D:2      | Noticed Crazy Yiuf
  3245 | D:4      | Noticed an ice beast
  3312 | D:4      | Noticed an ogre
  3420 | D:4      | Noticed Sigmund
  3428 | D:4      | Killed Sigmund
  3429 | D:4      | Reached skill level 5 in Unarmed Combat
  3429 | D:4      | Reached XP level 6. HP: 19/43 MP: 7/9
  3741 | D:4      | Reached XP level 7. HP: 39/48 MP: 8/10
  4075 | D:4      | Noticed Duvessa
  4075 | D:4      | Noticed Dowan
  4104 | D:4      | Killed Dowan
  4180 | D:4      | Killed Duvessa
  4252 | D:5      | Entered Level 5 of the Dungeon
  5188 | D:6      | Reached skill level 1 in Evocations
  5665 | D:6      | Reached XP level 8. HP: 36/54 MP: 9/11
  7107 | D:6      | Reached skill level 5 in Fighting
  8127 | D:7      | Reached XP level 9. HP: 54/61 MP: 10/12
  8570 | D:7      | Learned a level 4 spell: Ice Form
  8572 | D:7      | Learned a level 1 spell: Corona
  8656 | D:7      | Found a staircase to the Ecumenical Temple.
  8686 | Temple   | Entered the Ecumenical Temple
  8883 | Temple   | Became a worshipper of Warmaster Okawaru
  9473 | D:8      | Noticed Prince Ribbit
  9481 | D:8      | Killed Prince Ribbit
  9482 | D:8      | Reached skill level 1 in Invocations
  9779 | D:8      | Noticed Joseph
  9796 | D:8      | Killed Joseph
  9797 | D:8      | Reached skill level 5 in Dodging
 10142 | D:8      | Reached * piety under Okawaru
 10745 | D:8      | Identified the ring of Lonut {Str+6 Int+3 Dex+6}
 10785 | D:8      | Reached skill level 1 in Ice Magic
 11032 | D:8      | Found a sparkling altar of Nemelex Xobeh.
 11163 | D:8      | Noticed Psyche
 11174 | D:8      | Killed Psyche
 11175 | D:8      | Reached skill level 5 in Transmutations
 11175 | D:8      | Reached XP level 10. HP: 55/68 MP: 7/13
 11471 | D:2      | Killed Crazy Yiuf
 11872 | D:9      | Found a hide-covered altar of Uskayaw.
 12359 | D:9      | Reached skill level 5 in Invocations
 12359 | D:9      | Reached ** piety under Okawaru
 12370 | D:9      | Reached skill level 5 in Evocations
 12373 | D:9      | HP: 2/68 [yak (15)]
 12858 | D:10     | Entered Level 10 of the Dungeon
 12931 | D:10     | Noticed a two-headed ogre
 13434 | D:10     | Noticed a fire dragon
 13545 | D:10     | Found a staircase to the Lair.
 13772 | D:10     | Killed a two-headed ogre
 13772 | D:10     | Reached *** piety under Okawaru
 13916 | D:10     | Noticed a two-headed ogre
 13929 | D:10     | Killed a two-headed ogre
 13930 | D:10     | Reached XP level 11. HP: 74/74 MP: 10/17
 14249 | D:11     | Noticed an unseen horror
 14657 | D:11     | Reached **** piety under Okawaru
 14779 | D:11     | Noticed a brown ugly thing
 15260 | D:11     | Noticed a six-headed hydra
 15291 | D:11     | Killed an unseen horror
 15744 | D:11     | Noticed a two-headed ogre
 15757 | D:11     | Killed a two-headed ogre
 16394 | D:11     | Noticed a manticore
 16626 | D:11     | Reached ***** piety under Okawaru
 16703 | D:11     | Killed a six-headed hydra
 16704 | D:11     | Reached skill level 10 in Unarmed Combat
 16739 | D:11     | Found a staircase to the Orcish Mines.
 17066 | D:11     | Noticed a cyclops
 17090 | D:11     | Killed a cyclops
 17090 | D:11     | Received a gift from Okawaru
 17091 | D:11     | Reached XP level 12. HP: 40/82 MP: 12/18
 17795 | D:11     | You fall into a shaft and drop 1 floor!
 17973 | D:11     | Learned a level 5 spell: Blade Hands
 17976 | D:11     | Learned a level 2 spell: Swiftness
 18014 | Lair:1   | Entered Level 1 of the Lair of Beasts
 18152 | Lair:1   | Noticed a six-headed hydra
 18174 | Lair:1   | Killed a six-headed hydra
 18833 | Lair:1   | Noticed Erica
 18841 | Lair:1   | Killed Erica
 19058 | Lair:1   | Received a gift from Okawaru
 19628 | Lair:1   | Noticed a six-headed hydra
 19637 | Lair:1   | Killed a six-headed hydra
 19892 | Lair:1   | Identified a scroll of acquirement
 19892 | Lair:1   | Acquired the +1 buckler of Honesty {Will+ rCorr Dex+3}
 19952 | Lair:2   | Reached skill level 1 in Shields
 20192 | Lair:2   | Identified the +8 chain mail of Luinlannez {Harm rCorr}
 20474 | Lair:2   | Noticed a six-headed hydra
 20482 | Lair:2   | Killed a six-headed hydra
 20907 | Lair:2   | Reached XP level 13. HP: 87/92 MP: 15/19
 21335 | Lair:3   | Found a burning altar of Makhleb.
 21379 | Lair:3   | Noticed Rupert
 21608 | Lair:3   | Reached skill level 10 in Fighting
 21765 | Lair:3   | Found a staircase to the Swamp.
 23040 | Lair:4   | Learned a level 1 spell: Apportation
 23050 | Lair:4   | Found a staircase to the Snake Pit.
 23239 | Lair:4   | Noticed Nessos
 23251 | Lair:4   | Killed Nessos
 23251 | Lair:4   | Received a gift from Okawaru
 23400 | Lair:4   | Noticed Sonja
 23407 | Lair:4   | Killed Sonja
 23731 | Lair:4   | Identified the +4 scale mail "Licog" {rElec MP+9 Int+4}
 23973 | Lair:5   | Reached skill level 10 in Invocations
 24380 | Lair:5   | Identified the +2 buckler of Vezairpha {rC+ Dex+4 Stlth+}
                  | (Okawaru gifted it to you on level 5 of the Lair of Beasts)
 24380 | Lair:5   | Received a gift from Okawaru
 24401 | Lair:5   | Reached XP level 14. HP: 64/99 MP: 12/22
 25169 | Lair:5   | Reached skill level 10 in Evocations
 25644 | Lair:5   | Found a staircase to the Slime Pits.
 26156 | Lair:6   | Entered Level 6 of the Lair of Beasts
 26877 | Lair:6   | Found a burning altar of Makhleb.
 26942 | Lair:6   | Found a transporter.
 26943 | Lair:6   | Found a transporter.
 26960 | Lair:6   | Found a bloodstained altar of Trog.
 27189 | Lair:6   | Identified the +3 spear of Modesty {flame, *Drain rF+
                  | Int+3}
 27189 | Lair:6   | Noticed Vorcheb's ghost (journeyman OpCj)
 28217 | Lair:6   | Reached ****** piety under Okawaru
 28233 | Lair:6   | Slain by a death yak

Illustrated notes

Levels and vault maps discovered:
D:1:      shiori_arrival_elements, layout_loops_corners, hangedman_decor_push
D:2:      layout_rooms, amcnicky_mini_rare_corridor_liquid, uniq_natasha,
          uniq_crazy_yiuf_cottage
D:3:      layout_rooms
D:4:      layout_basic, uniq_sigmund, uniq_duvessa
D:5:      layout_cave_pods
D:6:      layout_loops_cross
D:7:      layout_basic, minmay_temple_entry_trees
D:8:      layout_loops_cross, basic_altar, uniq_psyche, uniq_prince_ribbit1,
          uniq_joseph
D:9:      layout_cross, lemuel_doored_altar
D:10:     layout_loops_ring, grunt_lair_entry_orc_guard_hut
D:11:     layout_loops_ring, kennysheep_orc_monster_closet_entryway,
          minmay_fractal_squares_gapless_5
D:12:     layout_stronghold
Temple:   minmay_crystal_snake_temple
Lair:1:   layout_misc_corridors, minivault_26, nicolae_quartered_pool_super,
          cheibrodos_lair_caveside_slide, uniq_erica
Lair:2:   layout_long_grid, fungi_pond_lemuel, serial_bayou_lagoon_a
Lair:3:   layout_loops_ring, nicolae_swamp_entry_splash_gauntlet, basic_altar,
          lemuel_fruit_tree, uniq_rupert
Lair:4:   layout_hall_layers, guppyfry_snake_entry_island, uniq_sonja,
          uniq_nessos
Lair:5:   layout_gridlike, minmay_slime_entry_pillars
Lair:6:   grunt_lair_end_beastmaster, layout_cave_pods,
          gammafunk_ghost_wrathful_warriors, fungi_pond_lemuel,
          lemuel_oklob_altar, infiniplex_staircase_pool_2

Skill      XL: |  1  2  3  4  5  6  7  8  9 10 11 12 13 14 |
---------------+-------------------------------------------+-----
Stealth        | 2 3 4 |  4.0
Fighting       | 2 4 5 6 8 9 10 | 10.6
Unarmed Combat | 5 6 7 8 10 11 12 | 12.4
Poison Magic   | 2 |  2.0
Transmutations | 4 5 6 8 |  8.0
Evocations     | 3 4 6 9 10 | 10.0
Dodging        | 4 6 8 |  8.8
Invocations    | 4 8 10 12 | 12.0
Ice Magic      | 2 |  2.0
Spellcasting   | 3 4 |  4.0
Shields        | 3 4 |  4.0

Action                   |  1- 3 |  4- 6 |  7- 9 | 10-12 | 13-15 || total
-------------------------+-------+-------+-------+-------+-------++-------
Melee: Unarmed           |    48 |    71 |   308 |   469 |   378 ||  1274
       Tentacles         |     9 |    18 |    49 |    22 |     3 ||   101
       Constrict         |    15 |    18 |    51 |    22 |     1 ||   107
       Kick              |     5 |    14 |    51 |    24 |       ||    94
       Punch             |     1 |     1 |    16 |     3 |     1 ||    22
Throw: Stone             |       |     3 |       |       |       ||     3
       Dart              |       |     4 |    29 |    17 |     1 ||    51
       Boomerang         |       |       |     3 |     1 |       ||     4
 Cast: Beastly Appendage |     4 |    14 |    46 |    15 |       ||    79
       Wereblood         |     2 |     4 |    17 |    23 |    15 ||    61
       Spider Form       |       |       |     8 |    31 |     8 ||    47
       Ice Form          |       |       |       |    34 |    38 ||    72
       Corona            |       |       |       |     7 |       ||     7
       Blade Hands       |       |       |       |       |     1 ||     1
       Apportation       |       |       |       |       |     2 ||     2
Invok: Heroism           |       |       |     1 |    22 |    11 ||    34
       Finesse           |       |       |       |       |     1 ||     1
 Abil: End Transformatio |       |       |       |       |     1 ||     1
Evoke: Wand              |       |       |     8 |    15 |     3 ||    26
  Use: Scroll            |     4 |     7 |     3 |    10 |     3 ||    27
       Potion            |       |       |       |     5 |     1 ||     6
 Stab: Sleeping          |     5 |     2 |     9 |     9 |     9 ||    34
       Paralysed         |       |       |    21 |     2 |     6 ||    29
       Distracted        |       |       |       |     1 |       ||     1
       Petrifying        |       |       |       |       |     1 ||     1
Armor: Skin              |     2 |     1 |     8 |    22 |    40 ||    73
Dodge: Dodged            |    23 |    30 |   157 |   314 |   280 ||   804

Table legend: (Time is in decaauts)
 A = Elapsed time spent in this place.
 B = Non-inter-level travel time spent in this place.
 C = Inter-level travel time spent in this place.
 D = Time resting spent in this place.
 E = Time spent auto-exploring this place.
 F = Levels seen in this place.
 G = Mean time per level.
                   A        B        C        D        E       F      G
               +--------+--------+--------+--------+--------+-----+--------+
         Total |  28010 |  26700 |   1310 |   7225 |  15781 |  19 | 1474.2 |
       Dungeon |  18161 |  17135 |   1026 |   5217 |   9450 |  12 | 1513.4 |
        Temple |    238 |    185 |     53 |      0 |    183 |   1 |  238.0 |
          Lair |   9609 |   9378 |    231 |   2008 |   6148 |   6 | 1601.5 |
               +--------+--------+--------+--------+--------+-----+--------+

Top non-repeatable levels by time:
    D:11: 3550 daAuts
     D:6: 2447 daAuts
  Lair:5: 2392 daAuts
  Lair:6: 1875 daAuts
     D:8: 1790 daAuts
    D:10: 1773 daAuts
     D:1: 1494 daAuts
  Lair:3: 1492 daAuts
     D:7: 1491 daAuts
  Lair:2: 1422 daAuts
  Lair:1: 1397 daAuts
     D:4: 1382 daAuts
     D:5: 1207 daAuts
     D:9: 1195 daAuts
     D:2: 1083 daAuts
